 Dungeon Crawl Stone Soup version 0.29-a0-870-g2c972031a6 (webtiles) character file.

Game seed: 8496642633143317437

49 nxtlvl the Cutter (level 3, 0/22 HPs)
             Began as a Deep Elf Monk on July 17, 2022.
             Succumbed to an adder's poison
             ... on level 2 of the Dungeon.
             The game lasted 00:03:31 (503 turns).

nxtlvl the Cutter (Deep Elf Monk)                    Turns: 503, Time: 00:03:32

Health: 0/22       AC:  3    Str: 12    XL:     3   Next: 53%
Magic:  5/5        EV: 13    Int: 21    God:
Gold:   26         SH:  0    Dex: 16    Spells: 2/2 levels left

rFire   . . .      SeeInvis .   a - +0 short sword
rCold   . . .      Faith    .   (no shield)
rNeg    . . .      Spirit   .   i - +0 robe
rPois   .          Reflect  .   d - +0 helmet
rElec   .          Harm     .   (no cloak)
rCorr   .          Rampage  .   (no gloves)
Will    .....      Rnd*Tele +   (no boots)
Stlth   ++........              (no amulet)
HPRegen 0.07/turn               g - +6 ring of intelligence
MPRegen 0.09/turn               (no ring)

@: mighty, brilliant, lethally poisoned (0 -> -8)
A: strong 1, teleportitis 1
a: no special abilities


You were on level 2 of the Dungeon.
You visited 1 branch of the dungeon, and saw 2 of its levels.

You collected 26 gold pieces.

Inventory:

Hand Weapons
 a - a +0 short sword (weapon)
 b - a +0 sling
Armour
 d - a +0 helmet (worn)
 i - a +0 robe (worn)
Jewellery
 g - a +6 ring of intelligence (left hand)
Scrolls
 k - a scroll of identify {unknown}
 l - a scroll of teleportation {unknown}
 m - a scroll of enchant armour {unknown}
Potions
 c - a potion of ambrosia
 n - a potion of haste {unknown}


   Skills:
 - Level 2.4 Fighting
 * Level 4.6 Short Blades
 - Level 3.6 Dodging
 - Level 2.4 Stealth


You had 2 spell levels left.
You didn't know any spells.
Your spell library was empty.

Dungeon Overview and Level Annotations

Branches:
Dungeon (2/15)

Altars:
Zin


Innate Abilities, Weirdness & Mutations

Your muscles are strong. (Str +4, Int/Dex -1)
You are occasionally teleported next to monsters.


Message History

You feel clever all of a sudden. The adder closely misses you.
It was a potion of curing.
You feel better. The adder barely misses you.
You hit the adder.
The adder is moderately wounded.
The adder bites you but does no damage.
You barely miss the adder.
The adder is moderately wounded.
The adder bites you. The adder barely misses you.
It was a potion of mutation.
You feel extremely strange.
You feel weirdly uncertain.
You feel stronger. The adder barely misses you.
It was a potion of might.
You feel very mighty all of a sudden. The adder barely misses you.
You hit the adder.
The adder is moderately wounded.
The adder barely misses you.
You barely miss the adder.
The adder is moderately wounded.
The adder bites you.
* * * LOW HITPOINT WARNING * * *
You are poisoned.
The adder poisons you!
You closely miss the adder.
The adder is moderately wounded.
You feel sick. The adder bites you but does no damage.
You closely miss the adder.
The adder is moderately wounded.
You feel sick. The adder bites you but does no damage.
The adder barely misses you.
You barely miss the adder.
The adder is moderately wounded.
You feel sick. The adder bites you.
* * * LOW HITPOINT WARNING * * *
You are lethally poisoned!
The adder poisons you!
You puncture the adder!
You kill the adder!
You die...

.#.#.# #...# ##.#.#
#...# .....# #...#
...#######.##
#.......##.#
#.#####.##.# #
#.......##.###### ...
#.##..[.......†.###.....
#. #.##.........@....._.
#.##.........#..####....
.............#..# .
#.##.##....###..#
#..........###..#
####.###........#
#.#####.######
#..##.....# ##.##.....#


There were no monsters in sight!

Vanquished Creatures
  3 gnolls (D:2)
  An adder (D:2)
  A dart slug (D:2)
  A ball python (D:1)
  3 bats
  2 endoplasms (D:1)
  A goblin (D:1)
  2 hobgoblins (D:1)
  A quokka (D:1)
  A frilled lizard (D:1)
  4 rats (D:1)
20 creatures vanquished.

Vanquished Creatures (others)
  2 plants (D:2)
2 creatures vanquished.

Grand Total: 22 creatures vanquished

Notes
Turn   | Place    | Note
-------+----------+-------------------------------------------
     0 | D:1      | nxtlvl the Deep Elf Monk began the quest for the Orb.
     0 | D:1      | Reached XP level 1. HP: 13/13 MP: 3/3
   170 | D:1      | Found a faded altar of an unknown god.
   184 | D:1      | Reached XP level 2. HP: 16/18 MP: 4/4
   399 | D:2      | Reached skill level 4 in Short Blades
   399 | D:2      | Reached XP level 3. HP: 21/22 MP: 5/5
   481 | D:2      | Found a glowing silver altar of Zin.
   496 | D:2      | Gained mutation: You are occasionally teleported next to
                  | monsters. [potion of mutation]
   496 | D:2      | Gained mutation: Your muscles are strong. (Str +4, Int/Dex
                  | -1) [potion of mutation]
   503 | D:2      | Succumbed to an adder's poison

Illustrated notes

Levels and vault maps discovered:
D:1:      nzn_arrival_settlement, layout_basic,
          shapermc_ecumenical_altar_acropolis, minmay_misc_feat_pillars,
          serial_bayou_ford_a, chequers_jeans
D:2:      layout_loops_cross, basic_altar, chequers_big_river,
          minmay_goblin_outpost, uniq_robin

Skill      XL: |  1  2 |
---------------+-------+-----
Short Blades   | 4 |  4.6
Fighting       | |  2.4
Dodging        | |  3.6
Stealth        | |  2.4

Action                   || total
-------------------------++-------
Melee: Short sword       ||    54
       Punch             ||     1
 Fire: Sling             ||    29
  Use: Potion            ||     4
 Stab: Sleeping          ||     2
Armor: Robe              ||    13
Dodge: Dodged            ||    37

Table legend: (Time is in decaauts)
 A = Elapsed time spent in this place.
 B = Non-inter-level travel time spent in this place.
 C = Inter-level travel time spent in this place.
 D = Time resting spent in this place.
 E = Time spent auto-exploring this place.
 F = Levels seen in this place.
 G = Mean time per level.
                   A        B        C        D        E       F      G
               +--------+--------+--------+--------+--------+-----+--------+
         Total |    508 |    473 |     35 |      0 |     86 |   2 |  254.0 |
       Dungeon |    508 |    473 |     35 |      0 |     86 |   2 |  254.0 |
               +--------+--------+--------+--------+--------+-----+--------+

Top non-repeatable levels by time:
     D:1: 321 daAuts
     D:2: 187 daAuts
